 Dungeon Crawl Stone Soup version 0.28-a0-657-g71136c5590 (webtiles) character file.

Game seed: 97977764956260852

46 KristoblXynda the Slasher (level 3, 0/30 HPs)
             Began as a Draconian Gladiator on Oct 13, 2021.
             Succumbed to a water moccasin's poison
             ... on level 3 of the Dungeon.
             The game lasted 00:01:35 (1746 turns).

KristoblXynda the Slasher (Draconian Gladiator)     Turns: 1746, Time: 00:01:36

Health: 0/30       AC:  6    Str: 17    XL:     3   Next: 46%
Magic:  3/3        EV: 12    Int:  8    God:
Gold:   83         SH:  0    Dex: 12    Spells: 2/2 levels left

rFire   . . .      SeeInvis .   a - +0 long sword
rCold   . . .      Faith    .   (no shield)
rNeg    . . .      Spirit   .   (armour unavailable)
rPois   .          Reflect  .   b - +0 hat
rElec   .          Harm     .   (no cloak)
rCorr   +          Rampage  .   j - +0 pair of gloves
Will    .....                   (no boots)
Stlth   +.........              (no amulet)
HPRegen 0.10/turn               m - ring of resist corrosion
MPRegen 0.08/turn               (no ring)

@: lethally poisoned (0 -> -9), flying
A: AC +5, unfitting armour, cold-blooded
a: no special abilities


You were on level 3 of the Dungeon.
You visited 1 branch of the dungeon, and saw 3 of its levels.

You collected 83 gold pieces.

Inventory:

Hand Weapons
 a - a +0 long sword (weapon)
Missiles
 c - 3 throwing nets (quivered)
Armour
 b - a +0 hat (worn)
 j - a +0 pair of gloves (worn)
Magical Staves
 d - a staff of conjuration
Jewellery
 l - a ring of magical power
 m - a ring of resist corrosion (left hand)
Scrolls
 e - a scroll of enchant armour {unknown}
 g - a scroll of immolation {unknown}
 h - a scroll of fear {unknown}
 i - a scroll of fog
 k - a scroll of teleportation {unknown}


   Skills:
 + Level 2.8 Fighting
 * Level 3.7 Long Blades
 - Level 2.0 Throwing
 + Level 3.1 Dodging


You had 2 spell levels left.
You didn't know any spells.
Your spell library contained the following spells:

 Spells                   Type           Power      Damage    Failure   Level
 Tukima's Dance           Hex            0%         N/A       78%         3
 Passage of Golubria      Tloc           N/A        N/A       99%         4
 Yara's Violent Unravell  Hex/Tmut       0%         3d3       100%        5


Dungeon Overview and Level Annotations

Branches:
Dungeon (3/15)

Altars:
Fedhas


Innate Abilities, Weirdness & Mutations

Your plain brown scales are hard. (AC +5)
You cannot fit into any form of body armour.
You are cold-blooded and may be slowed by cold attacks.


Message History

You hit the worm. You tail-slap the worm.
The worm is heavily wounded.
The water moccasin hisses angrily.
The endoplasm freezes you.
You are frozen.
The worm bites you but does no damage.
You barely miss the worm.
Your tail-slap misses the worm.
The worm is moderately wounded.
The endoplasm hits you but does no damage.
You hit the worm. You tail-slap the worm.
The worm is almost dead.
The endoplasm freezes you.
You are frozen.
You feel yourself slow down. The worm bites you.
You slash the worm!
You kill the worm!
The endoplasm hits you but does no damage.
The water moccasin closely misses you. The endoplasm barely misses you.
The water moccasin bites you.
Your life force feels restored.
You slash the water moccasin!
The water moccasin is moderately wounded.
You feel yourself speed up. The water moccasin barely misses you.
The endoplasm hits you but does no damage.
The water moccasin bites you!
You are lethally poisoned!
The water moccasin poisons you! The endoplasm closely misses you.
It was a potion of flight.
You feel very buoyant.
You fly up into the air.
* * * LOW HITPOINT WARNING * * *
You feel very sick. The water moccasin bites you.
* * * LOW HITPOINT WARNING * * *
The endoplasm hits you.
* * * LOW HITPOINT WARNING * * *
The water moccasin misses you.
You miss the water moccasin.
Your tail-slap misses the water moccasin.
The water moccasin is moderately wounded.
You die...

..#.#####.................(
.... #......##.###..######
≈≈.. #.#..#.##.###......[.
≈...###.#..#.##.#<..#######
≈.#........#.##.######
#.....#.#..#.##......####
..#.<.#..>...............
#.#........#.###.S...##.#
#......#####.##.@##......
#.#........#.#.J......#..
#.##.#####.#..!.......# .
#......#..........#.#.#
######........###^#.###
###.#....# .# .
#.+........# # ###....#.#.#
######...


You could see a water moccasin and an endoplasm.

Vanquished Creatures
  2 adders (D:2)
  A worm (D:3)
  A giant cockroach (D:2)
  4 goblins
  3 hobgoblins
  3 quokkas (D:1)
  A ball python (D:1)
  3 bats
  4 kobolds
  3 rats
25 creatures vanquished.

Notes
Turn   | Place    | Note
-------+----------+-------------------------------------------
     0 | D:1      | KristoblXynda the Draconian Gladiator began the quest for
                  | the Orb.
     0 | D:1      | Reached XP level 1. HP: 17/17 MP: 1/1
   534 | D:1      | Reached XP level 2. HP: 25/25 MP: 2/2
  1233 | D:2      | Reached XP level 3. HP: 17/30 MP: 3/3
  1486 | D:2      | Found a faded altar of an unknown god.
  1713 | D:3      | Found a blossoming altar of Fedhas.
  1736 | D:3      | Noticed a water moccasin
  1746 | D:3      | Succumbed to a water moccasin's poison

Illustrated notes

Levels and vault maps discovered:
D:1:      erik_arrival_cave_to_civilisation [erik_arrival_cave_to_hall],
          layout_basic, hex_tiny
D:2:      layout_basic, ebering_ecumenical_altar_box
D:3:      layout_basic, nicolae_overflow_hidden_temple, fedhas_altar_2,
          grunt_temple_overflow_open, interstate_on_off

Skill      XL: |  1  2 |
---------------+-------+-----
Throwing       | 2 |  2.0
Dodging        | 3 |  3.1
Fighting       | |  2.8
Long Blades    | |  3.7

Action                   || total
-------------------------++-------
Melee: Long sword        ||    78
       Tailslap          ||     9
  Use: Scroll            ||     1
       Potion            ||     1
 Stab: Sleeping          ||     2
Armor: Skin              ||    19
Dodge: Dodged            ||    75

Table legend: (Time is in decaauts)
 A = Elapsed time spent in this place.
 B = Non-inter-level travel time spent in this place.
 C = Inter-level travel time spent in this place.
 D = Time resting spent in this place.
 E = Time spent auto-exploring this place.
 F = Levels seen in this place.
 G = Mean time per level.
                   A        B        C        D        E       F      G
               +--------+--------+--------+--------+--------+-----+--------+
         Total |   1764 |   1744 |     20 |     79 |   1427 |   3 |  588.0 |
       Dungeon |   1764 |   1744 |     20 |     79 |   1427 |   3 |  588.0 |
               +--------+--------+--------+--------+--------+-----+--------+

Top non-repeatable levels by time:
     D:1: 1013 daAuts
     D:2: 691 daAuts
     D:3: 59 daAuts
